 Dungeon Crawl Stone Soup version 0.29-a0-43-g62a80824bf (webtiles) character file.

Game seed: 10010484967123233863

23 Anon1729 the Skirmisher (level 2, 0/24 HPs)
             Began as a Mummy Monk on Feb 2, 2022.
             Was a Priest of Vehumet.
             Slain by an adder (4 damage)
             ... on level 2 of the Dungeon.
             The game lasted 00:03:29 (1994 turns).

Anon1729 the Skirmisher (Mummy Monk)                Turns: 1994, Time: 00:03:30

Health: 0/24       AC:  2    Str: 14    XL:     2   Next: 72%
Magic:  3/3        EV: 12    Int:  9    God:    Vehumet [***...]
Gold:   24         SH:  0    Dex: 14    Spells: 3/3 levels left

rFire   x . .      SeeInvis .   h - staff of poison
rCold   + . .      Faith    .   (no shield)
rNeg    + + +      Spirit   .   b - +0 robe
rPois   ∞          Reflect  .   (no helmet)
rElec   .          Harm     .   (no cloak)
rCorr   .          Rampage  .   (no gloves)
Will    .....                   (no boots)
Stlth   ++........              (no amulet)
HPRegen 0.08/turn               (no ring)
MPRegen 0.08/turn               (no ring)

@: no status effects
A: cold resistance 1, negative energy resistance 3, torment resistance 2, heat
vulnerability 1, no potions
a: Renounce Religion


You were on level 2 of the Dungeon.
You worshipped Vehumet.
Vehumet was most pleased with you.
You visited 1 branch of the dungeon, and saw 2 of its levels.

You collected 24 gold pieces.

Inventory:

Hand Weapons
 a - a +0 short sword
Armour
 b - a +0 robe (worn)
Magical Staves
 h - a staff of poison (weapon)
Scrolls
 c - a scroll of immolation
 d - a scroll of teleportation
 e - 2 scrolls of amnesia
 g - a scroll of enchant weapon
 i - a scroll of fog


   Skills:
 + Level 3.1 Fighting
 - Level 2.6 Short Blades
 + Level 0.0 Staves
 + Level 2.5 Dodging
 + Level 1.9 Stealth
 * Level 1.1 Spellcasting


You had 3 spell levels left.
You didn't know any spells.
Your spell library contained the following spells:

 Spells                   Type           Power      Damage    Failure   Level
 Mephitic Cloud           Conj/Pois/Air  0%         N/A       28%         3
 Tukima's Dance           Hex            0%         N/A       73%         3
 Anguish                  Hex/Necr       0%         N/A       98%         4
 Enfeeble                 Hex            0%         N/A       100%        7


Dungeon Overview and Level Annotations

Branches:
Dungeon (2/15)

Altars:
Vehumet

Annotations:
D:1 Terence


Innate Abilities, Weirdness & Mutations

You are immune to poison.
Your flesh is cold resistant. (rC+)
You are immune to negative energy. (rN+++)
You are immune to unholy pain and torment.
You are vulnerable to heat. (rF-)
You do not drink.


Message History

You hit the kobold.
You kill the kobold!
Vehumet accepts your kill.
No target in view!
You start resting.
An adder is nearby!
The adder hisses angrily.
The adder misses you.
You barely miss the adder. The adder bites you. The adder closely misses you.
You completely miss the adder. The adder closely misses you.
You miss the adder. The adder misses you.
The adder bites you but does no damage.
You barely miss the adder. The adder barely misses you.
You hit the adder.
The adder is moderately wounded.
The adder bites you. x2
You hit the adder.
The adder is severely wounded.
The adder bites you.
You miss the adder.
The adder is severely wounded.
The adder bites you.
* * * LOW HITPOINT WARNING * * *
The adder bites you.
* * * LOW HITPOINT WARNING * * *
You barely miss the adder.
The adder is severely wounded.
The adder misses you. The adder closely misses you.
You closely miss the adder.
The adder is severely wounded.
The adder bites you but does no damage.
Okay, then.
You aren't carrying any items that you can evoke.
You barely miss the adder.
The adder is severely wounded.
The adder closely misses you. The adder completely misses you.
You hit the adder.
The adder is almost dead.
The adder bites you.
You die...

...# .# ...# #
#.# ...# #.#
...# #.# #..#
#.# ..(# #.#
...##### #.#
......... #.
#.# ...#####.
#.##@# ...# #..
#.##S# ...# #..
#.##.# ...#
#..# #.##.#
...# #...
#.##.# ...#
#.#.##.##.#
####
#.........#
#####..#.####
......).)...#.#


You could see an adder.

Vanquished Creatures
  A dart slug (D:1)
  An orc (D:2)
  An endoplasm (D:1)
  2 goblins
  4 kobolds
  2 quokkas (D:1)
  A ball python (D:1)
  4 bats
  2 frilled lizards
  2 rats
20 creatures vanquished.

Notes
Turn   | Place    | Note
-------+----------+-------------------------------------------
     0 | D:1      | Anon1729 the Mummy Monk began the quest for the Orb.
     0 | D:1      | Reached XP level 1. HP: 18/18 MP: 1/1
    11 | D:1      | Found a faded altar of an unknown god.
    27 | D:1      | Prayed at the altar of an unknown god.
    27 | D:1      | Became a worshipper of Vehumet
    27 | D:1      | Reached * piety under Vehumet
    27 | D:1      | Offered knowledge of Freeze by Vehumet.
    27 | D:1      | Reached ** piety under Vehumet
   209 | D:1      | Offered knowledge of Static Discharge by Vehumet.
   484 | D:1      | Reached XP level 2. HP: 17/24 MP: 2/2
  1086 | D:1      | Offered knowledge of Mephitic Cloud by Vehumet.
  1090 | D:1      | Reached *** piety under Vehumet
  1259 | D:2      | Noticed Terence
  1603 | D:2      | Reached skill level 1 in Spellcasting
  1994 | D:2      | Slain by an adder

Illustrated notes

Levels and vault maps discovered:
D:1:      eino_arrival_druids_welcome, layout_loops_corners,
          hellmonk_ecumenical_altar_blasted
D:2:      layout_basic, uniq_terence

Skill      XL: |  1  2 |
---------------+-------+-----
Spellcasting   | 1 |  1.1
Fighting       | |  3.1
Short Blades   | |  2.6
Dodging        | |  2.5
Stealth        | |  1.9

Action                   || total
-------------------------++-------
Melee: Short sword       ||    68
       Staff             ||    23
  Use: Scroll            ||     4
 Stab: Sleeping          ||     2
Armor: Robe              ||    24
Dodge: Dodged            ||    59

Table legend: (Time is in decaauts)
 A = Elapsed time spent in this place.
 B = Non-inter-level travel time spent in this place.
 C = Inter-level travel time spent in this place.
 D = Time resting spent in this place.
 E = Time spent auto-exploring this place.
 F = Levels seen in this place.
 G = Mean time per level.
                   A        B        C        D        E       F      G
               +--------+--------+--------+--------+--------+-----+--------+
         Total |   1997 |   1972 |     25 |    252 |   1360 |   2 |  998.5 |
       Dungeon |   1997 |   1972 |     25 |    252 |   1360 |   2 |  998.5 |
               +--------+--------+--------+--------+--------+-----+--------+

Top non-repeatable levels by time:
     D:1: 1300 daAuts
     D:2: 696 daAuts
